 Dungeon Crawl Stone Soup version 0.28-a0-687-gb91baff9cc (webtiles) character file.

Game seed: 1644329808163818530

1446 kipponium the Cruncher (level 9, -6/64 HPs)
             Began as a Formicid Fighter on Oct 19, 2021.
             Mangled by a two-headed ogre (8 damage)
             ... on level 6 of the Dungeon.
             The game lasted 00:10:23 (5632 turns).

kipponium the Cruncher (Formicid Fighter)           Turns: 5632, Time: 00:10:24

Health: -6/64      AC:  8    Str: 24    XL:     9   Next: 4%
Magic:  9/9        EV:  9    Int:  8    God:
Gold:   238        SH:  4    Dex: 10    Spells: 8/8 levels left

rFire   . . .      SeeInvis +   l - +3 quarterstaff (chaos)
rCold   . . .      Faith    .   c - +0 buckler
rNeg    . . .      Spirit   .   b - +0 scale mail
rPois   +          Reflect  .   (helmet unavailable)
rElec   .          Harm     .   m - +0 cloak
rCorr   .          Rampage  .   (no gloves)
Will    .....                   (no boots)
Stlth   ..........              (no amulet)
HPRegen 0.20/turn               n - ring of poison resistance
MPRegen 0.11/turn               (no ring)

@: no status effects
A: permanent stasis, dig shafts and tunnels, antennae 3, four strong arms
a: Dig, Shaft Self


You were on level 6 of the Dungeon.
You visited 2 branches of the dungeon, and saw 7 of its levels.

You collected 238 gold pieces.

Inventory:

Hand Weapons
 a - a +0 quarterstaff
 l - a +3 quarterstaff of chaos (weapon)
Missiles
 e - a boomerang
 k - a throwing net
 t - 12 poisoned darts (quivered)
Armour
 b - a +0 scale mail (worn)
 c - a +0 buckler (worn)
 m - a +0 cloak (worn)
Jewellery
 n - a ring of poison resistance (left hand)
Scrolls
 g - 2 scrolls of fog {unknown}
 i - 2 scrolls of immolation {unknown}
 r - a scroll of blinking {unknown}
 s - 2 scrolls of teleportation {unknown}
 u - a scroll of summoning {unknown}
Potions
 d - a potion of might
 f - 3 potions of mutation {unknown}
 h - 2 potions of curing
 j - a potion of brilliance {unknown}
 o - a potion of lignification
 p - a potion of heal wounds


   Skills:
 - Level 3.2 Fighting
 + Level 10.7 Staves
 - Level 3.2 Armour
 - Level 3.6 Shields


You had 8 spell levels left.
You didn't know any spells.
Your spell library contained the following spells:

 Spells                   Type           Power      Damage    Failure   Level
 Corpse Rot               Necr/Air       0%         N/A       85%         2
 Ensorcelled Hibernation  Hex/Ice        0%         N/A       85%         2
 Tukima's Dance           Hex            0%         N/A       97%         3
 Dispel Undead            Necr           0%         3d6       100%        4
 Death Channel            Necr           0%         N/A       100%        6


Dungeon Overview and Level Annotations

Branches:
Dungeon (6/15)             Temple (1/1) D:6

Altars:
Ashenzari
Cheibriados
Dithmenos
Fedhas
Gozag
Hepliaklqana
Kikubaaqudgha
Makhleb
Nemelex Xobeh
Okawaru
Qazlal
Ru
Trog
Uskayaw
Vehumet
Wu Jian
Xom
Yredelemnul
Zin
The Shining One

Shops:
D:1 *   D:5 *


Innate Abilities, Weirdness & Mutations

You cannot be hasted, slowed, berserked, paralysed or teleported.
You can dig through walls and to a lower floor.
You have a pair of large antennae on your head. (SInv)
Your four strong arms can wield two-handed weapons with a shield.


Message History

You see here a +0 spear.
Found a stone staircase leading up.
You now have 238 gold pieces (gained 14).
There is a stone staircase leading up here.
You sense a monster nearby.
Found a great sword.
No target in view!
No target in view!
A centaur skeleton comes into view.
You sock the centaur skeleton! You freeze the centaur skeleton.
The centaur skeleton is severely damaged.
The centaur skeleton closely misses you.
The centaur skeleton kicks you but does no damage.
You bludgeon the centaur skeleton!!
You destroy the centaur skeleton!
No target in view!
You sense a monster nearby.
A two-headed ogre comes into view. It is wielding two +0 giant clubs.
The two-headed ogre shouts in stereo!
The two-headed ogre closely misses you. The two-headed ogre barely misses you.
You barely miss the two-headed ogre.
You hit the two-headed ogre but do no damage.
The two-headed ogre is poisoned.
The two-headed ogre hits you with a +0 giant club.
The two-headed ogre hits you with a +0 giant club!
You sock the two-headed ogre! You freeze the two-headed ogre.
The two-headed ogre is moderately wounded.
You barely miss the two-headed ogre.
The two-headed ogre is moderately wounded.
The two-headed ogre hits you with a +0 giant club! x2
Throw: 13 darts (poison)
Press: ? - help, Q - select action, (/) - cycle Shift-Dir - straight line, f - two-headed ogre
Aim: a two-headed ogre, wielding two +0 giant clubs (moderately wounded, poisoned, 72% to hit)
You throw a poisoned dart.
The poisoned dart hits the two-headed ogre.
The two-headed ogre is moderately wounded.
The two-headed ogre hits you with a +0 giant club!!
* * * LOW HITPOINT WARNING * * *
The two-headed ogre hits you with a +0 giant club!
You die...

#.##..##########.#.#..#####
#.....)..........#.#..#
#####........#####.#..#
#.#####...........##
#.....#.......#####.#...##
..#.#.###.#........(......#
#.#.# ##..#..#####.###..#
..# ##.....####.###..###
###. ##.#@###.>...........
#. ##.#O## ##.##.###..###
#.#.#(## # #.........
#....# #####...## ####.#
#..#.# ##.# ....###. #.#
####.. . #.. #.. ### #..


You could see a two-headed ogre (poisoned).

Vanquished Creatures
  A water moccasin (D:6)
  An acid dragon (D:4)
  A centaur (D:5)
  A black bear (D:5)
  3 bullfrogs
  3 scorpions
  A wyvern skeleton (D:5)
  A water moccasin skeleton (D:4)
  A bullfrog zombie (D:5)
  2 centaur skeletons
  A hound (D:5)
  An orc priest (D:6)
  Crazy Yiuf (D:2)
  A jelly (D:5)
  4 bullfrog skeletons
  An iguana (D:4)
  A scorpion zombie (D:5)
  A hound zombie (D:5)
  A hound skeleton (D:5)
  A howler monkey zombie (D:5)
  4 gnolls (D:4)
  6 adders
  2 white imps (D:5)
  An ufetubus (D:4)
  2 adder skeletons
  4 worms
  2 dart slugs
  5 orcs
  10 endoplasms
  4 giant cockroaches
  5 goblins
  6 hobgoblins
  A kobold (D:3)
  4 quokkas
  6 ball pythons
  A frilled lizard (D:3)
  7 rats
98 creatures vanquished.

Vanquished Creatures (others)
  4 plants (D:5)
4 creatures vanquished.

Grand Total: 102 creatures vanquished

Notes
Turn   | Place    | Note
-------+----------+-------------------------------------------
     0 | D:1      | kipponium the Formicid Fighter began the quest for the Orb.
     0 | D:1      | Reached XP level 1. HP: 18/18 MP: 1/1
   221 | D:1      | Reached XP level 2. HP: 19/24 MP: 2/2
   455 | D:1      | Reached skill level 3 in Staves
   516 | D:1      | Found Suinaad's Assorted Antiques.
   672 | D:1      | Found a faded altar of an unknown god.
   672 | D:1      | Noticed an orange demon
   852 | D:2      | Reached XP level 3. HP: 27/29 MP: 3/3
  1332 | D:2      | Found a sparkling altar of Nemelex Xobeh.
  1464 | D:2      | Found a runed translucent door.
  1465 | D:2      | Noticed Crazy Yiuf
  1705 | D:2      | Killed Crazy Yiuf
  1706 | D:2      | Reached skill level 4 in Staves
  1706 | D:2      | Reached XP level 4. HP: 2/35 MP: 4/4
  2340 | D:3      | Found a glowing golden altar of the Shining One.
  2347 | D:3      | Found an opulent altar of Gozag.
  2427 | D:3      | Found a stormy altar of Qazlal.
  2514 | D:3      | Reached XP level 5. HP: 41/41 MP: 5/5
  2660 | D:3      | Found a bloodstained altar of Trog.
  2660 | D:3      | Found a hazy altar of Hepliaklqana.
  2668 | D:3      | Found an ancient bone altar of Kikubaaqudgha.
  2670 | D:3      | Found a snail-covered altar of Cheibriados.
  2672 | D:3      | Found an iron altar of Okawaru.
  3023 | D:4      | Found a sacrificial altar of Ru.
  3083 | D:4      | Reached skill level 5 in Staves
  3139 | D:4      | Noticed an acid dragon
  3154 | D:4      | Killed an acid dragon
  3155 | D:4      | Reached skill level 6 in Staves
  3155 | D:4      | Reached XP level 6. HP: 47/47 MP: 6/6
  3333 | D:4      | Reached XP level 7. HP: 43/52 MP: 7/7
  3337 | D:4      | Reached skill level 7 in Staves
  3968 | D:5      | Entered Level 5 of the Dungeon
  3981 | D:5      | Reached skill level 8 in Staves
  4170 | D:5      | Reached XP level 8. HP: 37/58 MP: 8/8
  4449 | D:5      | Found Biteulaw's Mass Market.
  4594 | D:5      | Reached skill level 9 in Staves
  4735 | D:5      | Found a glowing silver altar of Zin.
  4886 | D:5      | Found an ornate altar of the Wu Jian Council.
  4927 | D:5      | Reached skill level 10 in Staves
  5278 | D:6      | Found a staircase to the Ecumenical Temple.
  5284 | Temple   | Entered the Ecumenical Temple
  5448 | D:6      | Reached XP level 9. HP: 44/64 MP: 9/9
  5623 | D:6      | Noticed a two-headed ogre
  5632 | D:6      | HP: 2/64 [two-headed ogre (22)]
  5632 | D:6      | Mangled by a two-headed ogre

Illustrated notes

Levels and vault maps discovered:
D:1:      shiori_shiawase, layout_basic, serial_shops, shop,
          dreamdust_ecumenical_altar_sealed_demon
D:2:      layout_loops_ring, basic_altar, kennysheep_path_1,
          uniq_crazy_yiuf_cottage
D:3:      layout_basic, nicolae_qazlal_general_emergency, minitemple,
          chequers_temple_overflow_minitemple
D:4:      layout_cave_pods, mainiacjoe_overflow_six_doors_small,
          hangedman_decor_opposing
D:5:      minmay_diamond_boxcup, layout_cave_pools,
          nicolae_wu_jian_immortal_techniques,
          mainiacjoe_overflow_concentric_impassable, kennysheep_crisscross,
          minmay_shop_mass, minmay_misc_feat_more_columns, serial_bayou_pond_a,
          minmay_strange_pillars, nrook_pool_corridor, grunt_ministairs_9
D:6:      layout_loops_ring, minmay_temple_entry_hall, minivault_11,
          uniq_sigmund, uniq_grinder
Temple:   dpeg_three_leaves_temple

Skill      XL: |  1  2  3  4  5  6  7  8 |
---------------+-------------------------+-----
Staves         | 3 4 6 8 10 | 10.7
Fighting       | |  3.2
Armour         | |  3.2
Shields        | |  3.6

Action                   |  1- 3 |  4- 6 |  7- 9 || total
-------------------------+-------+-------+-------++-------
Melee: Quarterstaff      |    62 |    66 |   144 ||   272
Throw: Boomerang         |    25 |     2 |     1 ||    28
       Throwing net      |       |     1 |       ||     1
       Dart              |       |       |     1 ||     1
 Abil: Dig               |       |     1 |     4 ||     5
  Use: Scroll            |       |       |     4 ||     4
 Stab: Paralysed         |       |       |     1 ||     1
Armor: Scale mail        |    20 |    14 |    84 ||   118
Dodge: Dodged            |    13 |    28 |    50 ||    91
Block: Buckler           |    11 |    13 |    40 ||    64

Table legend: (Time is in decaauts)
 A = Elapsed time spent in this place.
 B = Non-inter-level travel time spent in this place.
 C = Inter-level travel time spent in this place.
 D = Time resting spent in this place.
 E = Time spent auto-exploring this place.
 F = Levels seen in this place.
 G = Mean time per level.
                   A        B        C        D        E       F      G
               +--------+--------+--------+--------+--------+-----+--------+
         Total |   5635 |   5502 |    133 |   1498 |   3146 |   7 |  805.0 |
       Dungeon |   5523 |   5390 |    133 |   1498 |   3086 |   6 |  920.5 |
        Temple |    112 |    112 |      0 |      0 |     60 |   1 |  112.0 |
               +--------+--------+--------+--------+--------+-----+--------+

Top non-repeatable levels by time:
     D:4: 1309 daAuts
     D:2: 1221 daAuts
     D:5: 877 daAuts
     D:3: 866 daAuts
     D:1: 839 daAuts
     D:6: 408 daAuts
  Temple: 112 daAuts
